 Dungeon Crawl Stone Soup version 0.31-a0-1370-gf52a5a9ab3 (webtiles) character file.

Game seed: 11385935810416379545

387 jlumianski the Ruffian (level 6, -9/47 HPs)
             Began as a Gnoll Shapeshifter on Dec 23, 2023.
             Mangled by a gnoll sergeant
             ... wielding a +7 spear of distortion
              (13 damage)
             ... on level 2 of the Dungeon.
             The game lasted 00:13:26 (2775 turns).

jlumianski the Ruffian (Gnoll Shapeshifter)         Turns: 2775, Time: 00:13:27

Health: -9/47      AC:  6    Str: 21    XL:     6   Next: 78%
Magic:  9/9        EV: 11    Int:  9    God:
Gold:   202        SH:  0    Dex: 12    Spells: 9/9 levels left

rFire   . . .        C - +2 war axe "Bigofykh" {spect, rPois Stlth+}
rCold   . . .        (no shield)
rNeg    . . .        l - +0 scale mail {Will+}
rPois   +            (helmet currently unavailable)
rElec   .            (cloak currently unavailable)
rCorr   .            (gloves currently unavailable)
SInv    .            (boots currently unavailable)
Will    +....        (no amulet)
Stlth   ++           o - +6 ring of strength
HPRegen 0.27/turn    (no ring)
MPRegen 0.11/turn

%: no passive effects
@: beast-form
A: beast (slay +3), fangs 1, strong nose, distributed training
a: Begin Untransformation


You were on level 2 of the Dungeon.
You were a hulking beast.
You visited 1 branch of the dungeon, and saw 5 of its levels.

You collected 202 gold pieces.

Inventory:

Hand Weapons
 p - a +3 sling of freezing
 x - a +0 dagger of electrocution
 C - the +2 war axe "Bigofykh" (weapon) {spect, rPois Stlth+}
   (You found it on level 4 of the Dungeon)

   rPois:     It protects you from poison Stlth+: It makes you more stealthy.
Missiles
 w - 8 poisoned darts (quivered)
 B - 6 darts of dispersal
Armour
 a - a +0 animal skin
 k - a +0 ring mail
 l - a +0 scale mail of willpower (worn)
 m - a +0 scale mail
 s - an orb of energy
Jewellery
 o - a +6 ring of strength (left hand)
Talismans
 c - a beast talisman
 d - a flux talisman
Scrolls
 g - 2 scrolls of poison
 h - a scroll of fog
 i - a scroll of enchant armour
 n - a scroll of revelation {unknown}
 q - a scroll of immolation {unknown}
 y - a scroll of noise
 z - a scroll of amnesia {unknown}
 A - a scroll of vulnerability
 D - a scroll of butterflies {unknown}
 E - a scroll of torment {unknown}
 F - a scroll of acquirement {unknown}
Potions
 b - 2 potions of lignification
 e - a potion of ambrosia
 f - a potion of degeneration
 j - 2 potions of mutation
 r - 2 potions of enlightenment
 t - a potion of brilliance


   Skills:
 + Level 3.4 Fighting
 + Level 2.2 Short Blades
 + Level 2.2 Long Blades
 + Level 2.2 Axes
 + Level 2.2 Maces & Flails
 + Level 2.2 Polearms
 + Level 2.2 Staves
 + Level 2.2 Ranged Weapons
 + Level 2.2 Throwing
 + Level 2.2 Armour
 + Level 5.1 Dodging
 + Level 2.2 Stealth
 + Level 2.2 Shields
 + Level 6.9 Unarmed Combat
 + Level 2.2 Spellcasting
 + Level 1.7 Conjurations
 + Level 1.7 Hexes
 + Level 1.7 Summonings
 + Level 1.7 Necromancy
 + Level 1.7 Translocations
 + Level 1.7 Fire Magic
 + Level 1.7 Ice Magic
 + Level 1.7 Air Magic
 + Level 1.7 Earth Magic
 + Level 1.7 Alchemy
 + Level 2.4 Invocations
 + Level 2.2 Evocations
 + Level 6.8 Shapeshifting


You had 9 spell levels left.
You didn't know any spells.
Your spell library was empty.

Dungeon Overview and Level Annotations

Branches:
Dungeon (5/15)
 Temple: D:4-7

Altars:
Dithmenos
Qazlal
Zin

Annotations:
D:5 Edmund


Innate Abilities, Weirdness & Mutations

You are a hulking beast.
Your limbs bulge with bestial killing power. (Slay +3)
You have very sharp teeth.
Your uncanny sense of smell can sniff out nearby items.
Your experience applies equally to all skills.


Message History

The bullfrog gives a loud, deep croak!
The bullfrog barely misses you.
You slash the bullfrog!
The bullfrog is heavily wounded.
Your +2 war axe "Bigofykh" {spect, rPois Stlth+} closely misses the bullfrog.
The bullfrog hits you. x2
You slash the bullfrog!
You kill the bullfrog!
Your +2 war axe "Bigofykh" {spect, rPois Stlth+} disappears.
The gnoll sergeant closely misses you.
The gnoll sergeant attacks as it pursues you!
The gnoll sergeant hits you from afar with a +7 spear of distortion!
* * * LOW HITPOINT WARNING * * *
You see here a bullfrog corpse.
There is a stone staircase leading up here.
You climb upwards.
There is a stone staircase leading down here.
You start resting.
HP restored.
You climb downwards.
The gnoll sergeant hits you with a +7 spear of distortion!
Space warps horribly around you!
The gnoll sergeant hits you with a +7 spear of distortion!
There is a stone staircase leading up, spattered with blood here.
You climb upwards.
There is a stone staircase leading down here.
You closely miss the gnoll sergeant.
Your +2 war axe "Bigofykh" {spect, rPois Stlth+} hits the gnoll sergeant but does no damage.
The gnoll sergeant hits you with a +7 spear of distortion.
You blink.
You slash the gnoll sergeant!
You punch the gnoll sergeant, but do no damage.
The gnoll sergeant is moderately wounded.
Your +2 war axe "Bigofykh" {spect, rPois Stlth+} misses the gnoll sergeant.
The gnoll sergeant hits you with a +7 spear of distortion!
* * * LOW HITPOINT WARNING * * *
Space warps horribly around you!
* * * LOW HITPOINT WARNING * * *
The gnoll sergeant hits you with a +7 spear of distortion!
You die...

#.####.#####.###.#####.
#######<#............#.# ##
#.........##.####......# #
#.#####.####.# #......# #
###.#####......# #.##.#.# #
#.......######## #.##.#.# #
#.#.###.# #.##.#.# #
#.#.###.######## #.##.#.# #
#.#...#.##...(h# #......######
#.#...#.##...g.#######.#<......
#.#...#.##..ยง....####..........
#.......##.....#.#.....).......
###.######.....#.#.##..#.##.###
###.### #######.........##.# #
#..)..# ###.##..#.##.# #
#.#.#.### #(##.##.##.# #
#.#.#.#.##########.##.......# #


You could see a gnoll sergeant and a friendly +2 war axe "Bigofykh" {spect,
rPois Stlth+}.

Vanquished Creatures
  A bullfrog (D:3)
  An orc priest (D:3)
  Natasha (twice) (D:2)
  Terence (D:2)
  7 gnolls (D:3)
  5 adders
  A worm (D:2)
  2 dart slugs (D:1)
  18 orcs
  A ball python (D:1)
  A bat (D:1)
  5 endoplasms
  5 giant cockroaches
  5 goblins
  8 hobgoblins
  7 jackals
  5 quokkas
  12 frilled lizards
  5 kobolds
  A rat (D:1)
93 creatures vanquished.

Notes
Turn   | Place    | Note
-------+----------+-------------------------------------------
     0 | D:1      | jlumianski the Gnoll Shapeshifter began the quest for the
                  | Orb.
     0 | D:1      | Reached XP level 1. HP: 17/17 MP: 1/1
   141 | D:1      | Reached XP level 2. HP: 13/23 MP: 2/2
   237 | D:1      | Found a faded altar of an unknown god.
   309 | D:1      | Reached XP level 3. HP: 28/28 MP: 3/3
   471 | D:2      | Reached skill level 1 in Invocations
   691 | D:2      | Reached skill level 1 in Short Blades
   691 | D:2      | Reached skill level 1 in Long Blades
   691 | D:2      | Reached skill level 1 in Axes
   691 | D:2      | Reached skill level 1 in Maces & Flails
   691 | D:2      | Reached skill level 1 in Polearms
   691 | D:2      | Reached skill level 1 in Staves
   691 | D:2      | Reached skill level 1 in Ranged Weapons
   691 | D:2      | Reached skill level 1 in Throwing
   691 | D:2      | Reached skill level 1 in Armour
   691 | D:2      | Reached skill level 1 in Stealth
   691 | D:2      | Reached skill level 1 in Shields
   691 | D:2      | Reached skill level 1 in Spellcasting
   691 | D:2      | Reached skill level 1 in Evocations
   899 | D:2      | Reached XP level 4. HP: 34/34 MP: 5/5
   905 | D:2      | Noticed Terence
   915 | D:2      | Killed Terence
   916 | D:2      | Reached skill level 1 in Conjurations
   916 | D:2      | Reached skill level 1 in Hexes
   916 | D:2      | Reached skill level 1 in Summonings
   916 | D:2      | Reached skill level 1 in Necromancy
   916 | D:2      | Reached skill level 1 in Translocations
   916 | D:2      | Reached skill level 1 in Fire Magic
   916 | D:2      | Reached skill level 1 in Ice Magic
   916 | D:2      | Reached skill level 1 in Air Magic
   916 | D:2      | Reached skill level 1 in Earth Magic
   916 | D:2      | Reached skill level 1 in Alchemy
  1073 | D:2      | Noticed Natasha
  1079 | D:2      | Killed Natasha
  1266 | D:2      | Noticed Natasha
  1272 | D:2      | Killed Natasha
  1273 | D:2      | Reached XP level 5. HP: 37/40 MP: 5/7
  1410 | D:2      | You fall into a shaft and drop 1 floor!
  1807 | D:5      | Entered Level 5 of the Dungeon
  1807 | D:5      | Noticed Edmund
  1825 | D:4      | Found a shadowy altar of Dithmenos.
  2152 | D:4      | Identified the +2 war axe "Bigofykh" {spect, rPois Stlth+}
  2193 | D:3      | Found a glowing silver altar of Zin.
  2197 | D:3      | Found a stormy altar of Qazlal.
  2377 | D:3      | Reached XP level 6. HP: 23/47 MP: 8/8
  2491 | D:3      | Reached skill level 5 in Dodging
  2775 | D:2      | Mangled by a gnoll sergeant

Illustrated notes

Levels and vault maps discovered:
D:1:      heliophobic_arrival_dark_side_of_the_moon, layout_rooms,
          shapermc_ecumenical_altar_hornbeckon
D:2:      layout_loops_cross, minmay_lizard_king, uniq_natasha, uniq_terence
D:3:      lemuel_castle_with_subvaults [lemuel_castle_interior_carwin_1],
          layout_basic, mainiacjoe_overflow_catch_the_wave
D:4:      layout_rooms, grunt_dithmenos_smoke_and_mirrors, serial_shops, shop
D:5:      layout_gridville, uniq_blork_the_orc, uniq_edmund

Skill      XL: |  1  2  3  4  5  6 |
---------------+-------------------+-----
Invocations    | 1 2 |  2.4
Short Blades   | 1 2 |  2.2
Long Blades    | 1 2 |  2.2
Axes           | 1 2 |  2.2
Maces & Flails | 1 2 |  2.2
Polearms       | 1 2 |  2.2
Staves         | 1 2 |  2.2
Ranged Weapons | 1 2 |  2.2
Throwing       | 1 2 |  2.2
Armour         | 1 2 |  2.2
Stealth        | 1 2 |  2.2
Shields        | 1 2 |  2.2
Spellcasting   | 1 2 |  2.2
Evocations     | 1 2 |  2.2
Conjurations   | 1 |  1.7
Hexes          | 1 |  1.7
Summonings     | 1 |  1.7
Necromancy     | 1 |  1.7
Translocations | 1 |  1.7
Fire Magic     | 1 |  1.7
Ice Magic      | 1 |  1.7
Air Magic      | 1 |  1.7
Earth Magic    | 1 |  1.7
Alchemy        | 1 |  1.7
Fighting       | 3 |  3.4
Dodging        | 5 |  5.1
Unarmed Combat | |  6.9
Shapeshifting  | |  6.8

Action                     |  1- 3 |  4- 6 || total
---------------------------+-------+-------++-------
  Melee: Unarmed           |    55 |    68 ||   123
         Punch             |     2 |     5 ||     7
         Bite              |     1 |    11 ||    12
         War axe           |       |    50 ||    50
    Use: Scroll            |     3 |     5 ||     8
         Potion            |     1 |     5 ||     6
 Armour: Animal skin       |     8 |       ||     8
         Scale mail        |     7 |    71 ||    78
         Ring mail         |     2 |       ||     2
  Dodge: Dodged            |    26 |    42 ||    68

Table legend: (Time is in decaauts)
 A = Elapsed time spent in this place.
 B = Non-inter-level travel time spent in this place.
 C = Inter-level travel time spent in this place.
 D = Time resting spent in this place.
 E = Time spent auto-exploring this place.
 F = Levels seen in this place.
 G = Mean time per level.
                   A        B        C        D        E       F      G
               +--------+--------+--------+--------+--------+-----+--------+
         Total |   2791 |   2731 |     60 |    360 |    998 |   5 |  558.2 |
       Dungeon |   2791 |   2731 |     60 |    360 |    998 |   5 |  558.2 |
               +--------+--------+--------+--------+--------+-----+--------+

Top non-repeatable levels by time:
     D:2: 1162 daAuts
     D:1: 665 daAuts
     D:3: 560 daAuts
     D:4: 338 daAuts
     D:5: 64 daAuts
